 Dungeon Crawl Stone Soup version 0.20.1-1-g8b1a95d (webtiles) character file.

3768 Irenicus the Cleaver (level 9, -4/74 HPs)
             Began as a Deep Dwarf Monk on Nov 11, 2017.
             Was an Elder of Makhleb.
             Slain by a komodo dragon (24 damage)
             ... on level 9 of the Dungeon.
             The game lasted 00:29:40 (3620 turns).

Irenicus the Cleaver (Deep Dwarf Monk)              Turns: 3620, Time: 00:29:40

Health: -4/74      AC:  4    Str: 14    XL:     9   Next: 94%
Magic:  7/7        EV: 14    Int: 12    God:    Makhleb [****..]
Gold:   248        SH: 12    Dex: 20    Spells: 6/8 levels left

rFire    . . .     SeeInvis .   e - +3 hand axe (venom)
rCold    . . .     Gourm    .   (no shield)
rNeg     + . .     Faith    .   f - +0 leather armour
rPois    .         Spirit   .   (no helmet)
rElec    .         Reflect  +   (no cloak)
rCorr    .         Harm     .   m - +0 pair of gloves
MR       +....                  (no boots)
Stlth    +++.......             K - brooch of Shielding {Reflect SH+8}
Regen    0.0/turn               o - ring of stealth
MPRegen  0.1/turn               H - ring of positive energy

@: non-regenerating
A: damage resistance, heal wounds, large bone plates 1, agile 1, blurry vision
1, sense surroundings 2, no regeneration
a: Heal Wounds, Minor Destruction, Lesser Servant of Makhleb, Major Destruction,
Renounce Religion


You were on level 9 of the Dungeon.
You worshipped Makhleb.
Makhleb was greatly pleased with you.
You were hungry.

You visited 2 branches of the dungeon, and saw 10 of its levels.

You collected 318 gold pieces.
You spent 70 gold pieces at shops.

Inventory:

Hand Weapons
 a - a +0 hand axe
 e - a +3 hand axe of venom (weapon)
 i - a +1 hand axe of electrocution
 l - a +5 hand axe
 r - a +0 broad axe
 G - a +4 battleaxe
Armour
 f - a +0 leather armour (worn)
 m - a +0 pair of gloves (worn)
 z - the +1 ring mail of Lucidity {rC- Str+4 Int+2}
   (You found it on level 6 of the Dungeon)

   It affects your strength (+4).
   It affects your intelligence (+2).
   It makes you vulnerable to cold.
Magical Staves
 J - an uncursed staff of earth
Jewellery
 o - a ring of stealth (left hand)
 H - a ring of positive energy (right hand)
 K - the brooch of Shielding (around neck) {Reflect SH+8}
   (You found it on level 8 of the Dungeon)

   [amulet of reflection]

   It shields you and reflects attacks.
   It affects your SH (+8).
Wands
 d - a wand of lightning (0/15)
 v - a wand of random effects (13/48)
 F - a wand of lightning (7/15)
Scrolls
 b - 5 scrolls of teleportation
 h - a scroll of noise {unknown}
 j - 3 scrolls of fog
 k - a scroll of fear {unknown}
 q - a scroll of amnesia
 s - a scroll of blinking {unknown}
 t - 2 scrolls of enchant weapon {unknown}
 A - a scroll of summoning {unknown}
 C - a scroll of holy word {unknown}
 E - a scroll of magic mapping {unknown}
 I - 2 scrolls of enchant armour {unknown}
Potions
 n - 3 potions of cancellation
 p - 5 potions of curing
 B - a potion of magic
 D - a potion of flight
Books
 u - a book of Misfortune

   Spells                             Type                      Level
   a - Confusing Touch                Hexes                        1
   b - Confuse                        Hexes                        3
   c - Gell's Gravitas                Translocation                3
   d - Petrify                        Transmutation/Earth          4
   e - Metabolic Englaciation         Hexes/Ice                    5
   f - Yara's Violent Unravelling     Hexes/Transmutation          5
 w - a book of Flames

   Spells                             Type                      Level
   a - Flame Tongue                   Conjuration/Fire             1
   b - Throw Flame                    Conjuration/Fire             2
   c - Conjure Flame                  Conjuration/Fire             3
   d - Inner Flame                    Hexes/Fire                   3
   e - Sticky Flame                   Conjuration/Fire             4
   f - Fireball                       Conjuration/Fire             5
 y - a book of Geomancy

   Spells                             Type                      Level
   a - Sandblast                      Earth                        1
   b - Passwall                       Transmutation/Earth          2
   c - Stone Arrow                    Conjuration/Earth            3
   d - Petrify                        Transmutation/Earth          4
   e - Lee's Rapid Deconstruction     Earth                        5
Comestibles
 c - 8 bread rations
 x - 5 meat rations


   Skills:
 - Level 2.6 Fighting
 - Level 14.7 Axes
 - Level 4.4 Dodging
 - Level 2.4 Stealth
 + Level 2.1 Earth Magic


You had 6 spell levels left.
You knew the following spells:

 Your Spells              Type           Power        Failure   Level  Hunger
a - Passwall              Tmut/Erth      #.........   38%         2    ###....


Dungeon Overview and Level Annotations

Branches:
Dungeon (9/15)             Temple (1/1) D:4            Lair (0/6) D:8
    Orc: D:9-12

Altars:
Cheibriados
Fedhas
Kikubaaqudgha
Makhleb
Okawaru
Trog
Xom
Yredelemnul
The Shining One

Shops:
D:4 !   D:6 *

Annotations:
D:9 Prince Ribbit


Innate Abilities, Weirdness & Mutations

You are resistant to damage.
You can heal yourself by infusing magical energy.
You passively map the area around you.
You do not regenerate.
You are partially covered in large bone plates. (SH +4)
You are agile. (Dex +2)
Scrolls take you a little longer to read.


Message History

You slash the howler monkey skeleton!
You destroy the howler monkey skeleton!
Makhleb accepts your kill.
You feel better.
You climb upwards.
There is a stone staircase leading down here.
There is a stone staircase leading down here.
You climb downwards.
A komodo dragon, an adder and Prince Ribbit come into view.
Prince Ribbit gives a loud, deep croak!
The komodo dragon hisses angrily.
The adder hisses angrily.
Prince Ribbit misses you. The adder bites you. The komodo dragon bites you!!
* * * LOW HITPOINT WARNING * * *
Prince Ribbit blinks!
There is a stone staircase leading up, spattered with blood here.
Okay, then.
Your magical essence is drained by the effort!
You feel much better. The adder bites you but does no damage.
The komodo dragon bites you!!
You die...

###########
#.........#
+..ยง......#
, ,
#.S@......# ,
,
**#..l......#
, , *
#.........# ,
* #F........#
, , *
#.........#
,, ,
#.........# ,
, #.........#
####+###### *


You could see a komodo dragon, Prince Ribbit and an adder.

Vanquished Creatures
  Grinder (D:3)
  Sigmund (D:3)
  A vampire (D:8)
  2 water moccasins
  3 orc warriors
  4 ice beasts
  A phantom (D:8)
  5 ogres
  A crocodile (D:7)
  A centaur (D:7)
  2 bullfrogs
  3 scorpions
  3 killer bees (D:8)
  13 wights
  A howler monkey (D:4)
  A crimson imp (D:5)
  5 hounds
  A jelly (D:5)
  2 orc wizards
  2 orc priests
  A bullfrog skeleton (D:8)
  An iguana (D:5)
  3 worker ants
  A hound skeleton (D:3)
  A worker ant zombie (D:8)
  A howler monkey skeleton (D:9)
  10 adders
  7 gnolls
  A shadow imp (D:8)
  An adder skeleton (D:4)
  A worm (D:3)
  2 dart slugs
  3 leopard geckos
  27 orcs
  3 ball pythons
  5 giant cockroaches
  9 goblins
  8 hobgoblins
  7 jackals (D:1)
  4 quokkas
  4 bats
  2 frilled lizards (D:1)
  17 kobolds
  A leopard gecko skeleton (D:6)
  A quokka zombie (D:5)
  7 rats
181 creatures vanquished.

Vanquished Creatures (others)
  5 plants (D:8)
5 creatures vanquished.

Grand Total: 186 creatures vanquished

Notes
Turn   | Place    | Note
-------+----------+-------------------------------------------
     0 | D:1      | Irenicus the Deep Dwarf Monk began the quest for the Orb.
     0 | D:1      | Reached XP level 1. HP: 20/20 MP: 1/1
    64 | D:1      | Reached XP level 2. HP: 24/27 MP: 2/2
    84 | D:1      | Reached skill level 4 in Axes
   200 | D:1      | Reached XP level 3. HP: 23/33 MP: 3/3
   273 | D:2      | Reached skill level 5 in Axes
   337 | D:2      | Reached XP level 4. HP: 27/40 MP: 4/4
   436 | D:3      | Noticed Grinder
   438 | D:3      | Paralysed by Grinder for 2 turns
   473 | D:3      | Killed Grinder
   473 | D:3      | Reached skill level 7 in Axes
   473 | D:3      | Reached XP level 5. HP: 19/46 MP: 5/5
   473 | D:3      | Reached XP level 6. HP: 23/55 MP: 6/6
   590 | D:4      | Reached skill level 8 in Axes
   601 | D:4      | Found Ostrefuet's Distillery.
   650 | D:4      | Bought a potion of heal wounds for 70 gold pieces
   675 | D:4      | Found a staircase to the Ecumenical Temple.
   686 | Temple   | Entered the Ecumenical Temple
   692 | Temple   | Became a worshipper of Makhleb the Destroyer
   692 | Temple   | Reached * piety under Makhleb
   692 | Temple   | Reached ** piety under Makhleb
   935 | D:3      | Noticed Sigmund
   942 | D:3      | Gained mutation: Scrolls take you a little longer to read. [potion of mutation]
   942 | D:3      | Gained mutation: You are partially covered in large bone plates. (SH +4) [potion of mutation]
   942 | D:3      | Gained mutation: You are agile. (Dex +2) [potion of mutation]
   987 | D:3      | Killed Sigmund
   987 | D:3      | Reached skill level 9 in Axes
   987 | D:3      | Reached XP level 7. HP: 30/61 MP: 6/6
   994 | D:3      | Found a faded altar of an unknown god.
  1298 | D:5      | Entered Level 5 of the Dungeon
  1416 | D:4      | Reached skill level 10 in Axes
  1706 | D:5      | Reached XP level 8. HP: 42/68 MP: 7/7
  1745 | D:5      | Reached *** piety under Makhleb
  1861 | D:5      | Reached skill level 11 in Axes
  1911 | D:6      | Learned a level 2 spell: Passwall
  1963 | D:6      | Found a bloodstained altar of Trog.
  2051 | D:6      | Reached skill level 12 in Axes
  2072 | D:6      | Found Zank's General Store.
  2095 | D:6      | Got a faintly glowing ring mail
  2106 | D:6      | Identified the cursed +1 ring mail of Lucidity {rC- Str+4 Int+2} (You found it on level 6 of the Dungeon)
  2163 | D:6      | Found a shimmering altar of Xom.
  2319 | D:6      | Gained mutation: You passively map the area around you. [Deep Dwarf growth]
  2319 | D:6      | Reached XP level 9. HP: 74/74 MP: 8/8
  2352 | D:6      | Found a glowing golden altar of the Shining One.
  2391 | D:7      | Found a blossoming altar of Fedhas.
  2422 | D:7      | Reached **** piety under Makhleb
  2422 | D:7      | Reached skill level 13 in Axes
  2742 | D:7      | Found an iron altar of Okawaru.
  2742 | D:7      | Found a glowing golden altar of the Shining One.
  2953 | D:7      | Reached skill level 14 in Axes
  3061 | D:8      | Found an ancient bone altar of Kikubaaqudgha.
  3140 | D:8      | Found a staircase to the Lair.
  3140 | D:8      | Noticed a komodo dragon
  3246 | D:8      | Found a snail-covered altar of Cheibriados.
  3589 | D:9      | Found a basalt altar of Yredelemnul.
  3619 | D:9      | Noticed Prince Ribbit
  3619 | D:9      | Noticed a komodo dragon
  3620 | D:9      | Slain by a komodo dragon

Skill      XL: |  1  2  3  4  5  6  7  8  9 |
---------------+----------------------------+-----
Axes           | 4 5 7 9 10 12 14 | 14.7
Dodging        | 4 |  4.4
Earth Magic    | 2 |  2.1
Fighting       | |  2.6
Stealth        | |  2.4

Action                   |  1- 3 |  4- 6 |  7- 9 || total
-------------------------+-------+-------+-------++-------
Melee: Hand axe          |    84 |    86 |   383 ||   553
 Cast: Passwall          |       |       |     3 ||     3
Invok: Lesser Servant of |       |       |     1 ||     1
 Abil: Heal Wounds       |       |     2 |     2 ||     4
Evoke: Wand              |       |       |     8 ||     8
  Use: Potion            |       |     5 |     6 ||    11
       Scroll            |       |       |    11 ||    11
 Stab: Sleeping          |     3 |       |    24 ||    27
       Distracted        |       |       |     1 ||     1
  Eat: Chunk             |       |       |     5 ||     5
       Royal jelly       |       |       |     2 ||     2
Armor: Robe              |     8 |       |       ||     8
       Leather armour    |    23 |    14 |    36 ||    73
       Skin              |       |     4 |       ||     4
Dodge: Dodged            |    84 |    49 |   140 ||   273
Block: Other             |       |       |    41 ||    41
